 Dungeon Crawl Stone Soup version 0.29.1-1-gd02db6906a (webtiles) character file.

Game seed: 11938772316279046605

72 fireball365 the Shield-Bearer (level 4, 0/40 HPs)
             Began as a Minotaur Fighter on Oct 10, 2022.
             Was a High Priest of Ignis.
             Killed by divine providence
             ... invoked by an orc priest
              (17 damage)
             ... on level 3 of the Dungeon.
             The game lasted 00:07:33 (2046 turns).

fireball365 the Shield-Bearer (Minotaur Fighter)    Turns: 2046, Time: 00:07:35

Health: 0/40       AC:  7    Str: 20    XL:     4   Next: 6%
Magic:  3/3        EV:  9    Int:  5    God:    Ignis [*****.]
Gold:   80         SH:  5    Dex: 12    Spells: 3/3 levels left

rFire   + . .      SeeInvis .   a - +0 war axe
rCold   . . .      Faith    .   c - +0 buckler
rNeg    . . .      Spirit   .   b - +0 scale mail
rPois   .          Reflect  .   (helmet restricted)
rElec   .          Harm     .   (no cloak)
rCorr   .          Rampage  .   (no gloves)
Will    .....                   (no boots)
Stlth   ..........              (no amulet)
HPRegen 0.13/turn               (no ring)
MPRegen 0.08/turn               (no ring)

@: no status effects
A: horns 2, retaliatory headbutt
a: Renounce Religion, Fiery Armour, Foxfire Swarm, Rising Flame


You were on level 3 of the Dungeon.
You worshipped Ignis.
Ignis was extremely pleased with you.
You visited 1 branch of the dungeon, and saw 3 of its levels.

You collected 80 gold pieces.

Inventory:

Hand Weapons
 a - a +0 war axe (weapon)
Missiles
 h - 20 stones (quivered)
Armour
 b - a +0 scale mail (worn)
 c - a +0 buckler (worn)
Jewellery
 m - an amulet of guardian spirit
Scrolls
 f - a scroll of fog {unknown}
 g - 3 scrolls of identify {unknown}
 l - a scroll of silence {unknown}
 n - a scroll of summoning {unknown}
Potions
 d - a potion of might
 e - 2 potions of heal wounds {unknown}
 i - a potion of attraction {unknown}
 j - 4 potions of curing {unknown}
 k - 2 potions of resistance {unknown}
 o - a potion of flight {unknown}


   Skills:
 - Level 3.7 Fighting
 * Level 4.1 Axes
 + Level 4.0 Armour
 + Level 1.0 Dodging
 + Level 4.2 Shields


You had 3 spell levels left.
You didn't know any spells.
Your spell library contained the following spells:

 Spells                   Type           Power      Damage    Failure   Level
 Blink                    Tloc           0%         N/A       96%         2
 Sublimation of Blood     Necr           0%         N/A       96%         2
 Lesser Beckoning         Tloc           0%         N/A       99%         3
 Petrify                  Tmut/Erth      0%         N/A       100%        4
 Irradiate                Conj/Tmut      0%         3d11      100%        5
 Manifold Assault         Tloc           0%         N/A       100%        5


Dungeon Overview and Level Annotations

Branches:
Dungeon (3/15)

Altars:
Xom
Ignis

Shops:
D:1 (


Innate Abilities, Weirdness & Mutations

You have a pair of horns on your head.
You reflexively headbutt those who attack you in melee.


Message History

The orc shouts!
An orc comes into view. It is wielding a +0 short sword.
You see here a +1 whip of electrocution.
The orc shouts!
A shadow imp comes into view.
A kobold comes into view. It is wielding a +0 dagger.
An orc priest and a bat come into view.
The orc priest shouts!
You hear an angry hiss.
The orc priest invokes the aid of Beogh against you.
Beogh smites you!
The orc priest begins to cast a cantrip, but forgets the words!
The orc hits you but does no damage.
A ball python comes into view.
A quokka comes into view.
The ball python hisses angrily.
You hit the orc but do no damage. The orc hits you with a +0 dagger. x2
You barely miss the orc. You hit the orc priest. The bat barely misses you.
The orc priest hits you with a +0 whip. The orc closely misses you.
The bat completely misses you.
You hit the orc.
The orc is severely wounded.
You hit the orc priest but do no damage.
You barely miss the bat. The bat hits you but does no damage.
The orc priest closely misses you. The orc closely misses you.
You furiously retaliate!
You headbutt the orc!
You kill the orc!
You block the bat's attack.
You hit the orc but do no damage. You hit the orc priest.
You closely miss the bat. The bat hits you but does no damage.
The orc priest mumbles some strange prayers to Beogh against you.
Pain shoots through your body! The orc misses you. The orc barely misses you.
The orc priest barely misses you.
An iguana comes into view.
You barely miss the orc. You miss the kobold. You hit the bat.
You kill the bat!
You barely miss the orc priest. You hit the orc.
The orc priest hits you but does no damage.
The orc closely misses you. The kobold closely misses you.
The orc priest mumbles some strange prayers to Beogh against you.
Beogh smites you!
You die...

.. l.. ## .... .#
.. ....######.###..
.?..o#..<.......
.....S5r........
......ooK.......
##o@†..:....
.####...).......
............?... #
###[....##....#
.##.#...##.........
......##...#.####..
....[..<........# .
......###......>#
##... #.......#


You could see an iguana, 2 orc priests, a shadow imp, 2 orcs, a quokka, a ball
python and a kobold.

Vanquished Creatures
  2 adders (D:2)
  A worm (D:2)
  A dart slug (D:2)
  An orc (D:3)
  4 bats
  2 endoplasms (D:2)
  2 giant cockroaches
  6 hobgoblins
  4 jackals (D:1)
  3 quokkas
  5 ball pythons
  A frilled lizard (D:1)
  3 goblins
  5 kobolds
  7 rats
  2 bushes (D:2)
49 creatures vanquished.

Notes
Turn   | Place    | Note
-------+----------+-------------------------------------------
     0 | D:1      | fireball365 the Minotaur Fighter began the quest for the
                  | Orb.
     0 | D:1      | Reached XP level 1. HP: 19/19 MP: 0/0
    18 | D:1      | Found Bygan's Weapon Boutique.
   192 | D:1      | Reached XP level 2. HP: 27/27 MP: 1/1
   608 | D:1      | Reached XP level 3. HP: 32/33 MP: 2/2
   738 | D:1      | Found a faded altar of an unknown god.
   759 | D:1      | Prayed at the altar of an unknown god.
   759 | D:1      | Became a worshipper of Ignis, the Dying Flame
  1578 | D:2      | Found a shimmering altar of Xom.
  1893 | D:2      | Reached XP level 4. HP: 40/40 MP: 3/3
  2039 | D:3      | Reached skill level 1 in Dodging
  2046 | D:3      | Killed from afar by an orc priest

Illustrated notes

Levels and vault maps discovered:
D:1:      spicycebolla_green_bress_n_ham_2, layout_basic, serial_shops,
          nicolae_shop_advertising_works [nicolae_subvault_shop_adworks],
          hellmonk_ecumenical_altar_lost_god
D:2:      layout_basic, basic_altar, serial_park_tiny_2
D:3:      layout_rooms, general_overflow_altar, grunt_temple_overflow_open

Skill      XL: |  1  2  3  4 |
---------------+-------------+-----
Axes           | 3 4 |  4.1
Shields        | 4 |  4.2
Armour         | 4 |  4.0
Dodging        | 1 |  1.0
Fighting       | |  3.7

Action                   |  1- 3 |  4- 6 || total
-------------------------+-------+-------++-------
Melee: War axe           |   164 |     7 ||   171
       Headbutt          |    35 |       ||    35
Armor: Scale mail        |    55 |     5 ||    60
Dodge: Dodged            |    55 |    10 ||    65
Block: Buckler           |    21 |     1 ||    22
